Map: Ruins of Seras

Players

RearAdmiral - Winner!

  • Race: Zerg Zerg
  • League: Gold

Grumm

  • Race: Protoss Protoss
  • League: Gold

VOD

Have the link to the VOD?

Description

Time

  • Played on: Jan. 6, 2016, 5:09 p.m.
  • Length: 12:54
Show
View Real Time Build Order
Export as new Build Order

RearAdmiral Zerg - Winner!

Build Orders: Hatch First 

Get SALT Encoding   

  12  0:01  Drone  
  13  0:13  Overlord  
  13  0:17  Drone  
  14  0:32  Drone  
  14  0:33  Drone  
  16  0:38  Drone  
  17  0:46  Drone  
  18  0:59  Hatchery  
  18  1:02  Drone  
  18  1:07  Drone  
  20  1:18  Drone  
  20  1:24  Spawning Pool  
  19  1:26  Extractor  
  19  1:28  Drone  
  19  1:42  Drone  
  20  1:54  Overlord  
  20  2:11  Queen  
  20  2:15  Queen  
  24  2:17  Zergling x2  
  24  2:18  Drone x2  
  27  2:26  Hatchery  
  26  2:32  Drone  
  27  2:39  Drone x2  
  29  2:44  Extractor  
  29  2:45  Metabolic Boost  
  29  2:51  Drone  
  29  2:55  Queen  
  31  3:04  Baneling Nest  
  30  3:21  Drone x6  
  37  3:41  Drone  
  37  3:42  Drone x5  
  37  3:43  Overlord  
  42  3:59  Overlord  
  42  4:01  Queen  
  44  4:05  Lair  
  44  4:08  Zergling x4  
  44  4:09  Zergling x2  
  47  4:19  Drone x3  
  50  4:27  Roach Warren  
  49  4:32  Evolution Chamber  
  49  4:33  Drone x2, Overlord  
  49  4:35  Evolution Chamber  
  49  4:39  Drone x2  
  49  4:40  Drone  
  49  4:45  Drone x2  
  54  4:51  Drone x2  
  56  5:00  Zerg Missile Weapons Level 1  
  56  5:03  Zerg Ground Armor Level 1  
  56  5:05  Baneling x3  
  56  5:07  Glial Reconstitution  
  56  5:09  Roach x4  
  56  5:12  Drone x2  
  66  5:22  Overseer  
  66  5:27  Extractor  
  65  5:29  Extractor  
  65  5:30  Overlord  
  64  5:51  Spore Crawler  
  64  5:55  Spire  
  62  5:58  Spore Crawler  
  62  5:59  Spore Crawler  
  62  6:02  Spore Crawler  
  59  6:07  Queen  
  61  6:12  Spore Crawler  
  60  6:29  Drone x6  
  60  6:30  Drone x3  
  70  6:32  Drone  
  70  6:33  Drone x4  
  70  6:34  Overlord x2  
  70  6:37  Extractor  
  70  6:39  Extractor  
  72  6:56  Hydralisk Den  
  72  6:58  Drone x4  
  72  6:59  Zerg Missile Weapons Level 2  
  72  7:00  Spore Crawler  
  74  7:02  Overlord  
  74  7:11  Spore Crawler  
  73  7:18  Drone x4  
  73  7:19  Drone  
  73  7:20  Mutalisk x3  
  73  7:21  Mutalisk x4  
  92  7:28  Hydralisk x2  
  96  7:31  Queen  
  98  7:38  Infestation Pit  
  98  7:42  Overlord x2  
  97  7:47  Drone  
  98  8:03  Corruptor x5  
  110  8:06  Queen  
  112  8:18  Overseer  
  112  8:22  Hive  
  110  8:27  Zerg Melee Weapons Level 1  
  110  8:28  Mutalisk  
  111  8:42  Queen  
  113  9:00  Overlord x6  
  113  9:01  Overlord  
  113  9:17  Overseer  
  113  9:18  Queen  
  113  9:19  Drone x5  
  113  9:20  Drone x3  
  115  9:41  Queen  
  117  9:49  Spore Crawler  
  117  9:51  Drone, Spine Crawler  
  117  9:52  Drone x4  
  120  9:53  Queen  
  120  9:59  Mutalisk x10  
  124  10:00  Mutalisk  
  124  10:01  Overlord x3  
  124  10:02  Overlord x3  
  136  10:19  Zergling x2  
  136  10:20  Overlord x2, Mutalisk x3  
  96  10:48  Greater Spire, Mutalisk  
  96  10:49  Mutalisk x4  
  103  11:26  Mutalisk x4  
  82  11:48  Mutalisk  
  82  11:49  Mutalisk  
  82  11:50  Zergling x6  
  82  11:51  Zergling x14  
  90  12:18  Brood Lord  
  91  12:24  Spine Crawler  
  91  12:27  Spine Crawler  
  86  12:30  Zergling x10  
Show
View Real Time Build Order
Export as new Build Order

Grumm Protoss 

Build Orders: Nexus First 

Get SALT Encoding   

  12  0:01  Probe (Chrono Boost)  
  13  0:40  Nexus  
  13  0:43  Probe (Chrono Boost)  
  14  0:56  Pylon  
  14  0:58  Probe (Chrono Boost)  
  15  1:14  Gateway, Probe (Chrono Boost)  
  16  1:25  Probe (Chrono Boost)  
  17  1:35  Forge  
  17  1:38  Pylon  
  18  1:40  Probe (Chrono Boost)  
  18  1:46  Assimilator  
  18  1:50  Probe (Chrono Boost)  
  19  1:57  Probe (Chrono Boost)  
  20  2:06  Cybernetics Core  
  20  2:12  Gateway  
  20  2:24  Probe (Chrono Boost), Photon Cannon  
  20  2:27  Probe (Chrono Boost)  
  22  2:35  Assimilator, Probe (Chrono Boost)  
  23  2:38  Probe (Chrono Boost)  
  23  2:41  Assimilator  
  24  2:47  Probe (Chrono Boost)  
  25  2:53  Warp Gate  
  25  2:54  Zealot  
  27  2:59  Probe (Chrono Boost)  
  28  3:06  Zealot  
  30  3:15  Assimilator  
  30  3:18  Probe x2 (Chrono Boost)  
  32  3:24  Pylon  
  32  3:29  Mothership Core (Chrono Boost), Probe (Chrono Boost)  
  35  3:39  Probe (Chrono Boost)  
  36  3:47  Probe (Chrono Boost)  
  37  3:50  Probe (Chrono Boost)  
  37  3:52  Stargate  
  38  3:58  Probe (Chrono Boost)  
  38  4:00  Probe (Chrono Boost)  
  40  4:04  Pylon  
  40  4:08  Probe (Chrono Boost)  
  41  4:11  Stalker, Probe (Chrono Boost)  
  44  4:19  Probe (Chrono Boost)  
  44  4:21  Probe (Chrono Boost)  
  46  4:25  Stargate  
  46  4:28  Pylon  
  46  4:35  Probe (Chrono Boost)  
  46  4:36  Probe (Chrono Boost)  
  48  4:38  Void Ray  
  52  4:46  Probe (Chrono Boost)  
  53  4:53  Protoss Air Weapons Level 1 (Chrono Boost)  
  53  5:04  Probe x2  
  55  5:16  Void Ray, Probe x2  
  56  5:22  Void Ray  
  56  5:28  Pylon, Probe x2  
  65  5:35  Gateway  
  66  5:36  Stalker  
  66  5:38  Adept  
  70  6:03  Twilight Council  
  70  6:07  Pylon  
  70  6:11  Protoss Ground Weapons Level 1  
  70  6:14  Void Ray x2 (Chrono Boost)  
  78  6:32  Probe  
  79  6:36  Pylon  
  79  6:41  Photon Cannon  
  79  6:50  Pylon  
  79  6:55  Void Ray x2 (Chrono Boost)  
  79  6:57  Stalker  
  79  6:58  Stalker x2  
  93  7:02  Pylon  
  93  7:07  Photon Cannon  
  94  7:08  Probe  
  94  7:18  Dark Shrine  
  94  7:19  Pylon  
  94  7:24  Pylon  
  94  7:31  Photon Cannon  
  94  7:38  Stalker  
  94  7:40  Stalker x2  
  100  7:51  Pylon, Nexus  
  100  8:02  Gateway  
  100  8:05  Gateway x2  
  100  8:07  Pylon  
  100  8:10  Gateway  
  99  8:41  Dark Templar x3  
  101  8:47  Charge  
  105  9:04  Dark Templar x3  
  111  9:15  Dark Templar x2  
  115  9:17  Zealot  
  113  9:44  Dark Templar x2  
  117  9:45  Zealot  
  117  9:46  Zealot x2  
  87  10:29  Zealot x2  
  87  10:30  Zealot x5  
  63  10:46  Phoenix x2 (Chrono Boost)  
  67  10:50  Stalker  
  67  10:51  Stalker x5  
  67  10:52  Stalker  
  81  11:03  Gateway  
  81  11:08  Phoenix x2 (Chrono Boost)  
  79  11:28  Dark Templar x2  
  69  11:37  Archon  
  61  11:42  Stalker  
  61  11:43  Stalker x4  
  41  12:06  Dark Templar  
  39  12:12  Assimilator  
  39  12:16  Assimilator  
  37  12:42  Dark Templar  
  37  12:43  Zealot  
  33  12:44  Zealot  
  33  12:46  Archon  
Tags
 
Add a new tag
Caveats
  • Supply blocks, unpowered buildings, or Contaminate may cause inaccurate times.
  • Supply counts are checked every 10 seconds.